 Dungeon Crawl Stone Soup version 0.29.1-12-g30fa7ad0bf (webtiles) character file.

Game seed: 14273326918427118001

177 ThatPearl the Sneak (level 5, -1/26 HPs)
             Began as a Spriggan Enchanter on Jan 11, 2023.
             Slain by an orc priest
             ... wielding a +0 club
              (5 damage)
             ... on level 4 of the Dungeon.
             The game lasted 00:14:08 (4880 turns).

ThatPearl the Sneak (Spriggan Enchanter)            Turns: 4880, Time: 00:14:09

Health: -1/26      AC:  2    Str:  4    XL:     5   Next: 30%
Magic:  3/11       EV: 17    Int: 18    God:
Gold:   221        SH:  0    Dex: 16    Spells: 8/10 levels left

rFire   . . .      SeeInvis +   a - +1 dagger
rCold   . . .      Faith    .   (no shield)
rNeg    . . .      Spirit   .   b - +0 robe
rPois   .          Reflect  .   (helmet restricted)
rElec   .          Harm     .   (no cloak)
rCorr   .          Rampage  .   (gloves unavailable)
Will    .....                   (boots unavailable)
Stlth   +++.......              k - amulet of the acrobat
HPRegen 0.08/turn               (no ring)
MPRegen 0.12/turn               (no ring)

@: very quick
A: very small, no large weapons, unfitting armour, see invisible, speed 3
a: no special abilities


You were on level 4 of the Dungeon.
You visited 1 branch of the dungeon, and saw 4 of its levels.

You collected 221 gold pieces.

Inventory:

Hand Weapons
 a - a +1 dagger (weapon)
 r - a +0 vorpal hand axe
Missiles
 f - 43 stones
Armour
 b - a +0 robe (worn)
Jewellery
 k - an amulet of the acrobat (around neck)
 q - a ring of fire
Scrolls
 d - 2 scrolls of teleportation {unknown}
 e - 4 scrolls of identify {unknown}
 j - a scroll of poison {unknown}
 l - a scroll of noise {unknown}
 m - 2 scrolls of fear {unknown}
 o - a scroll of enchant weapon {unknown}
Potions
 c - 2 potions of invisibility
 g - 4 potions of heal wounds {unknown}
 h - 2 potions of mutation {unknown}
 i - a potion of resistance {unknown}
 n - a potion of curing {unknown}
 p - a potion of magic {unknown}
 s - 2 potions of berserk rage {unknown}


   Skills:
 * Level 2.2 Fighting
 * Level 2.9 Short Blades
 - Level 2.6 Dodging
 + Level 5.1 Stealth
 + Level 3.4 Spellcasting
 * Level 4.6 Hexes


You had 8 spell levels left.
You knew the following spells:

 Your Spells              Type           Power      Damage    Failure   Level
b - Ensorcelled Hibernat  Hex/Ice        22%        N/A       9%          2

Your spell library contained the following spells:

 Spells                   Type           Power      Damage    Failure   Level
 Confusing Touch          Hex            19%        N/A       7%          3
 Tukima's Dance           Hex            19%        N/A       7%          3
 Dazzling Flash           Conj/Hex       22%        N/A       19%         3
 Summon Guardian Golem    Hex/Summ       11%        N/A       19%         3
 Stone Arrow              Conj/Erth      6%         3d7       43%         3
 Animate Armour           Summ/Erth      6%         N/A       83%         4
 Orb of Destruction       Conj           1%         9d5       100%        7
 Spellforged Servitor     Conj/Summ      1%         N/A       100%        7
 Lehudib's Crystal Spear  Conj/Erth      1%         10d2      100%        8


Dungeon Overview and Level Annotations

Branches:
Dungeon (4/15)
 Temple: D:4-7

Altars:
Yredelemnul


Innate Abilities, Weirdness & Mutations

You are very small and have problems with some larger weapons.
You are too small for most types of armour.
You have supernaturally acute eyesight. (SInv)
You cover ground extremely quickly. (Speed+++)


Message History

You now have 221 gold pieces (gained 19).
Found a stone staircase leading down.
An orc comes into view. It is wielding a +0 dagger.
An orc is nearby!
The orc shouts!
You hear a shout!
An orc priest comes into view. It is wielding a +0 club.
The orc hits you with a +0 dagger.
You hit the orc priest.
The orc priest is lightly wounded.
The orc priest closely misses you.
An orc wizard comes into view. It is wielding a +0 dagger.
The orc misses you.
Aiming: Ensorcelled Hibernation (safe; 9% risk of failure)
Press: ? - help, Q - select action, (/) - cycle Shift-Dir - straight line, f - orc priest
Aim: an orc priest, wielding a +0 club (lightly wounded, chance to affect: 45%)
The orc priest resists with some effort.
The orc priest calls down the wrath of Beogh upon you.
Beogh smites you! The orc closely misses you.
Aiming: Ensorcelled Hibernation (safe; 9% risk of failure)
Press: ? - help, Q - select action, (/) - cycle Shift-Dir - straight line, f/p - orc priest
Aim: an orc priest, wielding a +0 club (lightly wounded, chance to affect: 45%)
The orc priest resists with some effort.
The orc priest hits you with a +0 club.
* * * LOW HITPOINT WARNING * * *
The orc wizard mumbles some strange words.
The orc wizard flickers and vanishes for a moment.
The orc completely misses you.
Aiming: Ensorcelled Hibernation (safe; 9% risk of failure)
Press: ? - help, Q - select action, (/) - cycle Shift-Dir - straight line, f/p - orc priest
Aim: an orc priest, wielding a +0 club (lightly wounded, chance to affect: 45%)
The orc priest resists with some effort.
The orc priest hits you with a +0 club.
* * * LOW HITPOINT WARNING * * *
The orc barely misses you.
Aiming: Ensorcelled Hibernation (safe; 9% risk of failure)
Press: ? - help, Q - select action, (/) - cycle Shift-Dir - straight line, f/p - orc priest
Aim: an orc priest, wielding a +0 club (lightly wounded, chance to affect: 45%)
The orc priest resists with some effort.
The orc priest hits you with a +0 club.
You die...

#.# #.# ... #.# ...
.# ## #.#####.###....
#.........ooo..# ..>.
####@# #.#..##....#
#.......####
.#.#..##.#
#....#..##.####...
#.#...............
####..........####...
........#............
........#.##.########


You could see an orc priest, an orc wizard (invisible) and an orc.

Vanquished Creatures
  A scorpion zombie (D:3)
  4 adders
  An ufetubus (D:4)
  3 worms
  5 dart slugs
  3 orcs (D:3)
  7 endoplasms
  7 giant cockroaches
  4 goblins
  8 hobgoblins
  A quokka (D:2)
  9 ball pythons
  7 bats
  8 frilled lizards
  A jackal zombie (D:3)
  13 kobolds
  13 rats
95 creatures vanquished.

Vanquished Creatures (others)
  60 plants
60 creatures vanquished.

Grand Total: 155 creatures vanquished

Notes
Turn   | Place    | Note
-------+----------+-------------------------------------------
     0 | D:1      | ThatPearl the Spriggan Enchanter began the quest for the
                  | Orb.
     0 | D:1      | Reached XP level 1. HP: 9/9 MP: 5/5
   285 | D:1      | Reached XP level 2. HP: 14/14 MP: 6/6
   669 | D:1      | Learned a level 2 spell: Ensorcelled Hibernation
  1002 | D:1      | Reached skill level 1 in Fighting
  1245 | D:1      | Reached XP level 3. HP: 18/18 MP: 8/8
  2270 | D:2      | Reached XP level 4. HP: 22/22 MP: 4/9
  2473 | D:2      | Found a faded altar of an unknown god.
  3339 | D:3      | Reached skill level 5 in Stealth
  3722 | D:3      | Reached XP level 5. HP: 25/26 MP: 3/10
  4149 | D:3      | Found a basalt altar of Yredelemnul.
  4880 | D:4      | Slain by an orc priest

Illustrated notes

Levels and vault maps discovered:
D:1:      dpeg_arrival_windows_large_door, layout_loops_cross
D:2:      minmay_razor_zed, layout_loops_ring,
          ebering_ecumenical_altar_petrified, kennysheep_boxes
D:3:      layout_loops_ring, lemuel_zombie_altar_yredelemnul,
          lexackson_kobold_supper
D:4:      layout_loops_ring, trog_book

Skill      XL: |  1  2  3  4 |
---------------+-------------+-----
Hexes          | 4 |  4.6
Fighting       | 1 2 |  2.2
Short Blades   | 2 |  2.9
Spellcasting   | 3 |  3.4
Stealth        | 5 |  5.1
Dodging        | |  2.6

Action                   |  1- 3 |  4- 6 || total
-------------------------+-------+-------++-------
Melee: Dagger            |   114 |   131 ||   245
       Punch             |     1 |       ||     1
 Cast: Ensorcelled Hiber |    19 |    31 ||    50
 Stab: Sleeping          |    27 |    22 ||    49
Armor: Robe              |    21 |     6 ||    27
Dodge: Dodged            |    80 |   109 ||   189
